 Dungeon Crawl Stone Soup version 0.26-a0-497-g0187308201 (webtiles) character file.

Game seed: 4654198187026083334

223 JamesBald the Slasher (level 6, -1/48 HPs)
             Began as a Human Berserker on Aug 6, 2020.
             Was a Believer of Trog.
             Killed by divine providence
             ... invoked by an orc priest
              (13 damage)
             ... on level 4 of the Dungeon.
             The game lasted 00:05:46 (4028 turns).

JamesBald the Slasher (Human Berserker)             Turns: 4028, Time: 00:05:47

Health: -1/48      AC:  7    Str: 17    XL:     6   Next: 20%
Magic:  6/6        EV: 12    Int:  7    God:    Trog [**....]
Gold:   123        SH:  0    Dex: 15    Spells: 5/5 levels left

rFire    + . .     SeeInvis .   a - +0 falchion
rCold    . . .     Faith    .   (no shield)
rNeg     . . .     Spirit   .   q - +0 ring mail
rPois    .         Reflect  .   (no helmet)
rElec    .         Harm     .   (no cloak)
rCorr    .                      l - +0 pair of gloves
MR       .....                  d - +0 pair of boots
Stlth    +.........             (no amulet)
HPRegen  0.16/turn              s - ring of protection from fire
MPRegen  0.10/turn              (no ring)

@: lethally poisoned (-1 -> -3), berserk cooldown, slowed, very slow
A: no striking features
a: Berserk, Trog's Hand, Renounce Religion


You were on level 4 of the Dungeon.
You worshipped Trog.
Trog was pleased with you.
You visited 1 branch of the dungeon, and saw 4 of its levels.

You collected 123 gold pieces.

Inventory:

Hand Weapons
 a - a +0 falchion (weapon)
 c - a +0 dagger of venom
Armour
 b - a +0 animal skin
 d - a +0 pair of boots (worn)
 l - a +0 pair of gloves (worn)
 q - a +0 ring mail (worn)
Jewellery
 s - a ring of protection from fire (left hand)
Scrolls
 f - a scroll of enchant armour {unknown}
 g - 4 scrolls of identify {unknown}
 i - a scroll of immolation {unknown}
 j - 4 scrolls of remove curse {unknown}
 m - a scroll of teleportation {unknown}
 p - a scroll of amnesia {unknown}
 r - a scroll of fear {unknown}
Potions
 e - a potion of flight {unknown}
 h - a potion of curing {unknown}
 k - 2 potions of mutation {unknown}
 n - a potion of might {unknown}
 o - a potion of invisibility {unknown}


   Skills:
 + Level 4.1 Fighting
 + Level 4.6 Long Blades
 + Level 2.5 Armour
 + Level 3.2 Dodging
 + Level 1.0 Stealth


You had 5 spell levels left.
You didn't know any spells.
Your spell library was empty.

Dungeon Overview and Level Annotations

Branches:
Dungeon (4/15)
 Temple: D:4-7

Altars:


Message History

You hit the hound.
The hound is lightly wounded.
The hound bites you but does no damage. The hound bites you.
The orc priest closely misses you.
You riposte.
You barely miss the orc priest. The hound barely misses you.
You riposte.
You hit the hound but do no damage.
The hound is lightly wounded.
You feel sick. The hound bites you.
* * * LOW HITPOINT WARNING * * *
An orc comes into view.
The hound bites you but does no damage.
The orc shouts!
The hound bites you but does no damage. The orc priest closely misses you.
You riposte.
You barely miss the orc priest.
You feel sick. The hound completely misses you.
You riposte.
You closely miss the hound.
The hound is lightly wounded.
The hound closely misses you.
The orc priest calls down the wrath of Beogh upon you.
Beogh smites you!
You die...

.# #. #####.
..###.##....
#..........#
#..........#
###.........#
.....>......#
#.........#
##.....oo.<#
##......o.h@#
......#S#####
.####o)S#
#...S.)..#
<..##.....#
.# #.....#
#......
........
##........


You could see a hound, an orc priest, an adder and 2 orcs.

Vanquished Creatures
  A hound (D:4)
  2 orc priests
  An orc wizard (D:4)
  4 adders
  An ooze (D:1)
  A worm (D:2)
  2 dart slugs
  A leopard gecko (D:3)
  2 orcs (D:3)
  A ball python (D:1)
  7 bats
  3 giant cockroaches
  5 goblins
  8 hobgoblins
  A quokka (D:2)
  5 frilled lizards
  8 kobolds
  11 rats
64 creatures vanquished.

Notes
Turn   | Place    | Note
-------+----------+-------------------------------------------
     0 | D:1      | JamesBald the Human Berserker began the quest for the Orb.
     0 | D:1      | Reached XP level 1. HP: 18/18 MP: 1/1
   438 | D:1      | Reached XP level 2. HP: 19/24 MP: 2/2
   987 | D:1      | Reached XP level 3. HP: 21/29 MP: 3/3
  1930 | D:2      | Reached ** piety under Trog
  2148 | D:2      | Reached XP level 4. HP: 36/36 MP: 4/4
  3315 | D:3      | Reached XP level 5. HP: 42/42 MP: 5/5
  4004 | D:4      | Noticed a phantom
  4017 | D:4      | Reached skill level 1 in Stealth
  4017 | D:4      | Reached XP level 6. HP: 47/48 MP: 6/6
  4028 | D:4      | Killed from afar by an orc priest

Illustrated notes

Levels and vault maps discovered:
D:1:      scummos_arrival_checkerplants, layout_loops_ring,
          minmay_rat_gold_closets
D:2:      layout_basic, serial_rivers, chequers_serial_rivers_small_3,
          chequers_serial_rivers_marsh, chequers_serial_rivers_micro_c,
          chequers_serial_rivers_micro_d, chequers_serial_rivers_room_a
D:3:      layout_basic
D:4:      layout_rooms, kennysheep_cluttered_room, kennysheep_generic_room_14

Skill      XL: |  1  2  3  4  5 |
---------------+----------------+-----
Long Blades    | 4 |  4.6
Dodging        | 3 |  3.2
Fighting       | 4 |  4.1
Stealth        | 1 |  1.0
Armour         | |  2.5

Action                   |  1- 3 |  4- 6 || total
-------------------------+-------+-------++-------
Melee: Falchion          |    91 |    91 ||   182
Invok: Berserk           |     1 |     2 ||     3
 Stab: Sleeping          |     3 |       ||     3
Armor: Animal skin       |    15 |    18 ||    33
       Ring mail         |       |    37 ||    37
Dodge: Dodged            |    66 |   109 ||   175
       Rpst.: Falchion   |    21 |    33 ||    54

Table legend: (Time is in decaauts)
 A = Elapsed time spent in this place.
 B = Non-inter-level travel time spent in this place.
 C = Inter-level travel time spent in this place.
 D = Time resting spent in this place.
 E = Time spent auto-exploring this place.
 F = Levels seen in this place.
 G = Mean time per level.
                   A        B        C        D        E       F      G
               +--------+--------+--------+--------+--------+-----+--------+
         Total |   4072 |   3973 |     99 |   1228 |   2072 |   4 | 1018.0 |
       Dungeon |   4072 |   3973 |     99 |   1228 |   2072 |   4 | 1018.0 |
               +--------+--------+--------+--------+--------+-----+--------+

Top non-repeatable levels by time:
     D:1: 1488 daAuts
     D:2: 1408 daAuts
     D:3: 1147 daAuts
     D:4: 28 daAuts
